 Dungeon Crawl Stone Soup version 0.24.0-125-gc4c63601f3 (webtiles) character file.

Game seed: 1287942865912884248, levelgen mode: deterministic

31313 Doot the Envoy of Void (level 13, -8/111 HPs)
             Began as a Demonspawn Abyssal Knight on Mar 10, 2020.
             Was a High Priest of Lugonu.
             Mangled by a sphinx (16 damage)
             ... summoned by Kirke
             ... on level 13 of the Dungeon.
             The game lasted 00:38:25 (19851 turns).

Doot the Envoy of Void (Demonspawn Abyssal Knight) Turns: 19851, Time: 00:38:25

Health: -8/111     AC:  0    Str: 13    XL:     13   Next: 25%
Magic:  0/23       EV: 17    Int: 13    God:    Lugonu [*****.]
Gold:   1433       SH:  0    Dex: 14    Spells: 12/12 levels left

rFire    . . .     SeeInvis +   (weapon currently unavailable)
rCold    . . .     Gourm    +   (shield currently unavailable)
rNeg     . . .     Faith    .   (armour currently unavailable)
rPois    .         Spirit   +   (helmet currently unavailable)
rElec    .         Reflect  .   (cloak currently unavailable)
rCorr    .         Harm     .   (gloves currently unavailable)
MR       .....                  (boots currently unavailable)
Stlth    +.........             b - amulet of the gourmand
HPRegen  0.28/turn              (ring currently unavailable)
MPRegen  0.18/turn              (ring currently unavailable)

@: confused, about to teleport, pig-form, slowed
A: small, see invisible, robust 1, weak 2, magic shield, MP-powered wands
a: Depart the Abyss, Bend Space, Banish, Corrupt, Enter the Abyss, Renounce
Religion


You were on level 13 of the Dungeon.
You worshipped Lugonu.
Lugonu was extremely pleased with you.
You were not hungry.
You were a filthy swine.
You visited 3 branches of the dungeon, and saw 16 of its levels.
You visited the Abyss 2 times.
You also visited: Ice Cave.

You collected 2025 gold pieces.
You spent 592 gold pieces at shops.

Inventory:

Hand Weapons
 g - a +2 rapier of venom
 u - a +3 scimitar of flaming (melded)
 V - a +2 falchion of draining
Missiles
 d - 3 throwing nets
 p - 9 poisoned darts
 T - 10 curare-tipped darts (quivered)
Armour
 v - a +2 cloak (melded)
 C - a +0 plate armour
 K - a +0 pair of gloves (melded)
 W - a +6 plate armour of ponderousness (melded)
Jewellery
 b - an amulet of the gourmand (around neck)
 D - a ring of resist corrosion (melded)
 H - an uncursed amulet of harm
 J - a ring of poison resistance (melded)
Wands
 a - a wand of paralysis (9)
 G - a wand of random effects (20)
 I - a wand of disintegration (4)
 Q - a wand of polymorph (10)
 R - a wand of acid (9)
 U - a wand of iceblast (9)
Scrolls
 i - 6 scrolls of teleportation
 j - 3 scrolls of enchant armour
 k - 3 scrolls of random uselessness {unknown}
 n - 4 scrolls of remove curse
 o - a scroll of immolation {unknown}
 q - a scroll of fog {unknown}
 r - 3 scrolls of identify
 s - 2 scrolls of amnesia
 t - a scroll of blinking {unknown}
 y - 6 scrolls of enchant weapon
 A - a scroll of torment {unknown}
 B - 2 scrolls of holy word
 E - a scroll of silence {unknown}
 F - 2 scrolls of magic mapping {unknown}
 L - a scroll of noise {unknown}
 S - a scroll of brand weapon {unknown}
Potions
 e - 3 potions of lignification
 f - 5 potions of haste
 h - 6 potions of flight
 l - 5 potions of curing
 m - a potion of cancellation
 w - 3 potions of invisibility
 x - 4 potions of agility
 z - 6 potions of magic
 N - 2 potions of ambrosia
 P - 2 potions of might
Comestibles
 c - 35 rations


   Skills:
 + Level 9.4 Fighting
 + Level 10.8(11.9) Short Blades
 + Level 8.3(10.7) Long Blades
 + Level 2.5 Throwing
 + Level 8.4 Armour
 + Level 4.4 Dodging
 + Level 3.0 Stealth
 * Level 13.4 Invocations
 + Level 0.9 Evocations


You had 12 spell levels left.
You didn't know any spells.
Your spell library contained the following spells:

 Spells                   Type           Power        Failure   Level  Hunger
 Confusing Touch          Hex            #.....       30%         1    ##.....
 Corona                   Hex            #......      30%         1    ##.....
 Flame Tongue             Conj/Fire      #....        30%         1    ##.....
 Magic Dart               Conj           #...         30%         1    ##.....
 Blink                    Tloc           N/A          43%         2    ###....
 Call Imp                 Summ           #.......     43%         2    ###....
 Ensorcelled Hibernation  Hex/Ice        #.....       43%         2    ###....
 Poisonous Vapours        Pois/Air       #.....       43%         2    ###....
 Shroud of Golubria       Chrm/Tloc      #.....       43%         2    ###....
 Slow                     Hex            #.......     43%         2    ###....
 Throw Flame              Conj/Fire      #.....       43%         2    ###....
 Confuse                  Hex            #.......     67%         3    ####...
 Conjure Flame            Conj/Fire      #.......     67%         3    ####...
 Dazzling Spray           Conj/Hex       #.....       67%         3    ####...
 Gell's Gravitas          Tloc           #.........   67%         3    ####...
 Inner Flame              Hex/Fire       #.......     67%         3    ####...
 Lesser Beckoning         Tloc           #.........   67%         3    ####...
 Mephitic Cloud           Conj/Pois/Air  #.......     67%         3    ####...
 Teleport Other           Tloc           #.......     67%         3    ####...
 Tukima's Dance           Hex            #.......     67%         3    ####...
 Leda's Liquefaction      Hex/Erth       #.........   97%         4    #####..
 Passage of Golubria      Tloc           N/A          97%         4    #####..
 Petrify                  Tmut/Erth      #.......     97%         4    #####..
 Sticky Flame             Conj/Fire      #.......     97%         4    #####..
 Bolt of Magma            Conj/Fire/Erth #.........   100%        5    ######.
 Fireball                 Conj/Fire      #.........   100%        5    ######.
 Metabolic Englaciation   Hex/Ice        #.........   100%        5    ######.
 Yara's Violent Unravell  Hex/Tmut       #.........   100%        5    ######.
 Freezing Cloud           Conj/Ice/Air   #.........   100%        6    #######
 Iron Shot                Conj/Erth      #.........   100%        6    #######
 Statue Form              Tmut/Erth      #........    100%        6    #######
 Ring of Flames           Chrm/Fire      #.........   100%        7    #######
 Shatter                  Erth           #.........   100%        9    #######


Dungeon Overview and Level Annotations

Branches:
Dungeon (13/15)            Temple (1/1) D:4            Lair (0/6) D:8
    Orc (2/2) D:11            Elf (0/3) Orc:2         IceCv (visited)
 Vaults: D:13-14

Altars:
Ashenzari
Dithmenos
Hepliaklqana
Qazlal
Sif Muna
Uskayaw
Beogh

Shops:
D:7 [   D:8 %   D:11 !   Orc:1 *

Annotations:
D:6 Menkaure
D:7 3 runed translucent doors, taratatuy's ghost, novice DECj
D:13 Kirke


Innate Abilities, Weirdness & Mutations

((You have a pair of antennae on your head.))
((You are mostly covered in yellow scales. (AC +3)))
You are robust. (+10% HP)
((You are completely covered in sharp spines.))
When hurt, damage is shared between your health and your magic reserves.
You have supernaturally acute eyesight. (SInv)
((You are resistant to electric shocks. (rElec)))
You are very weak. (Str -4)
You expend magic power (3 MP) to strengthen your wands.


Message History

* * * LOW HITPOINT WARNING * * *
Unknown command.
Space bends sharply around you!
You blink.
Kirke mumbles some strange words.
Kirke flickers and vanishes for a moment.
Kirke gestures wildly while chanting.
Kirke summons a sphinx!
Unknown command.
There is an open door here.
You close the door.
A sphinx opens the door.
The sphinx casts a spell.
You suddenly lose the ability to move!
You can move again.
Unknown command.
As you read the scroll of teleportation, it crumbles to dust.
You feel strangely unstable.
The sphinx casts a spell.
You are confused.
The sphinx hits you!!
You die...

...'......'.........#
...########.........#
...# #.........# ...#
#.........# ...#
#.........# ...#
#.........# ####
######'#### # #.# # ##h#
# #HH# # #####h###### #
#....h.H...# #
####..........# #
######..+.........H###
###......##..........h.#
....#######..........#.#
##### #..........#†#{{


You could see 2 sphinxes and 2 hogs.

Vanquished Creatures
  Nessos (D:13)
  Harold (D:8)
  Erolcha (D:10)
  2 hydras
  Erica (Orc:1)
  2 two-headed ogres
  Sonja (D:10)
  A sixfirhy (Orc:2)
  2 unseen horrors (D:11)
  A necromancer (IceCv)
  An orc knight (Orc:1)
  2 ugly things (D:12)
  2 cyclopes
  An orc sorcerer (D:11)
  5 ice statues (IceCv)
  Maurice (Orc:2)
  Psyche (D:8)
  Joseph (D:7)
  A gargoyle (D:12)
  10 ice devils (IceCv)
  A komodo dragon (D:13)
  2 hornets
  4 trolls
  Grinder (D:7)
  4 hippogriffs
  2 shadows (D:13)
  A basilisk (D:12)
  16 yaks
  A hog (D:13)
  Eustachio (D:4)
  A neqoxec (Orc:1)
  A warg (Orc:2)
  3 water moccasins
  Duvessa (D:4)
  A swamp drake (D:11)
  7 ogres
  A black bear (D:10)
  2 ice beasts
  23 orc warriors
  5 sky beasts
  2 centaurs
  2 phantoms (D:13)
  3 crocodiles
  A big kobold (D:13)
  5 bullfrogs
  Dowan (D:4)
  A scorpion (D:7)
  4 howler monkeys
  6 crimson imps
  2 bullfrog zombies
  2 centaur zombies
  2 draconian simulacra (IceCv)
  17 orc priests
  3 centaur skeletons
  3 hounds
  5 jellies
  A bullfrog skeleton (D:10)
  A gnoll shaman (D:6)
  5 iguanas
  15 orc wizards
  7 worker ants
  A spriggan simulacrum (IceCv)
  2 troll simulacra (IceCv)
  2 centaur simulacra (IceCv)
  A hound zombie (D:5)
  A hound skeleton (D:10)
  A worker ant zombie (D:10)
  Robin (D:4)
  8 gnolls
  2 ogre simulacra (IceCv)
  13 adders
  A naga simulacrum (IceCv)
  4 shadow imps
  A white imp (Abyss:2)
  5 oozes
  An adder skeleton (D:8)
  An adder zombie (D:5)
  A worm (D:2)
  3 dart slugs
  7 leopard geckos
  104 orcs
  2 ball pythons
  5 giant cockroaches
  16 goblins
  15 hobgoblins
  16 jackals
  15 kobolds
  A quokka (D:6)
  A bat (D:2)
  4 frilled lizards
  8 rats
447 creatures vanquished.

Vanquished Creatures (collateral kills)
  An orc high priest (Orc:1)
1 creature vanquished.

Vanquished Creatures (others)
  A sun demon (Orc:2)
  An orc knight (Orc:1)
  An orc sorcerer (Orc:1)
  A rust devil (Orc:2)
  An orc warrior (Orc:1)
5 creatures vanquished.

Grand Total: 453 creatures vanquished

Notes
Turn   | Place    | Note
-------+----------+-------------------------------------------
     0 | Abyss:1  | Doot the Demonspawn Abyssal Knight began the quest for the
                  | Orb.
     0 | Abyss:1  | Reached XP level 1. HP: 18/18 MP: 2/2
    26 | Abyss:1  | Noticed a small abomination
    76 | Abyss:2  | Noticed a quasit
    82 | Abyss:2  | Noticed an apocalypse crab
    86 | Abyss:2  | Noticed a small abomination
    87 | D:1      | Escaped the Abyss
    95 | D:1      | Reached skill level 1 in Dodging
   110 | D:1      | Reached * piety under Lugonu
   211 | D:1      | Gained mutation: You have a pair of small antennae on your
                  | head. [demonic ancestry]
   211 | D:1      | Reached XP level 2. HP: 15/24 MP: 3/3
   725 | D:2      | Reached XP level 3. HP: 30/30 MP: 4/4
  1148 | D:2      | Reached ** piety under Lugonu
  1152 | D:2      | Reached skill level 1 in Short Blades
  1152 | D:2      | Gained mutation: You are partially covered in sharp spines.
                  | [demonic ancestry]
  1152 | D:2      | Reached XP level 4. HP: 31/37 MP: 6/6
  1699 | D:2      | Found a hazy altar of Hepliaklqana.
  1702 | D:2      | Gained mutation: You are partially covered in yellow
                  | scales. (AC +2) [demonic ancestry]
  1702 | D:2      | Reached XP level 5. HP: 41/42 MP: 7/7
  1708 | D:2      | Found a shattered altar of Ashenzari.
  1709 | D:2      | Found a hide-covered altar of Uskayaw.
  2571 | D:3      | Found a shimmering blue altar of Sif Muna.
  2606 | D:3      | Found a stormy altar of Qazlal.
  2817 | D:4      | Reached skill level 3 in Invocations
  2820 | D:4      | Reached *** piety under Lugonu
  2904 | D:4      | Reached skill level 1 in Stealth
  2908 | D:4      | Gained mutation: When hurt, damage is shared between your
                  | health and your magic reserves. [demonic ancestry]
  2908 | D:4      | Reached XP level 6. HP: 49/49 MP: 8/8
  2989 | D:4      | Noticed Eustachio
  3011 | D:4      | Killed Eustachio
  3030 | D:4      | Noticed Robin
  3049 | D:4      | You fall into a shaft and drop 3 floors!
  3049 | D:7      | Noticed an orc warrior
  3070 | D:7      | Found Jijum's Armour Emporium.
  3337 | D:8      | Noticed Harold
  3374 | D:8      | Killed Harold
  3374 | D:8      | Reached skill level 5 in Fighting
  3374 | D:8      | Reached skill level 5 in Short Blades
  3374 | D:8      | Reached skill level 5 in Invocations
  3374 | D:8      | Gained mutation: You have a pair of antennae on your head.
                  | [demonic ancestry]
  3374 | D:8      | Reached XP level 7. HP: 25/56 MP: 4/11
  3374 | D:8      | Gained mutation: You are mostly covered in yellow scales.
                  | (AC +3) [demonic ancestry]
  3374 | D:8      | Reached XP level 8. HP: 28/62 MP: 4/12
  3706 | D:8      | Noticed a hippogriff
  3731 | D:8      | Killed a hippogriff
  3769 | D:8      | Found Oqi Enge's Food Boutique.
  3808 | D:8      | Noticed Psyche
  3837 | D:8      | Killed Psyche
  3837 | D:8      | Reached skill level 6 in Invocations
  3938 | D:8      | Noticed a hippogriff
  4039 | D:8      | Killed a hippogriff
  4039 | D:8      | Gained mutation: You are mostly covered in sharp spines.
                  | [demonic ancestry]
  4039 | D:8      | Reached XP level 9. HP: 63/69 MP: 11/13
  4103 | D:8      | Found a staircase to the Lair.
  4277 | D:6      | Noticed Grinder
  4290 | D:7      | Killed Grinder
  4290 | D:7      | Reached skill level 1 in Throwing
  4447 | D:6      | Reached skill level 7 in Invocations
  4505 | D:6      | Reached **** piety under Lugonu
  4620 | D:6      | Noticed Menkaure
  4622 | D:5      | Entered Level 5 of the Dungeon
  4760 | D:4      | Killed Robin
  5000 | D:4      | Found a staircase to the Ecumenical Temple.
  5019 | Temple   | Entered the Ecumenical Temple
  5040 | D:4      | Noticed Duvessa
  5049 | D:4      | Noticed Dowan
  5053 | D:4      | Killed Duvessa
  5068 | D:4      | Killed Dowan
  6001 | D:6      | Found a shadowy altar of Dithmenos.
  6381 | D:7      | Found a runed translucent gate.
  6382 | D:7      | Found a runed translucent gate.
  6383 | D:7      | Found a runed translucent gate.
  6384 | D:7      | Noticed taratatuy's ghost (novice DECj)
  6384 | D:7      | Identified the +9 plate armour of Unreason {rElec rPois
                  | SInv}
  6387 | D:7      | Found a roughly hewn altar of Beogh.
  6690 | D:7      | Noticed Joseph
  6702 | D:7      | Killed Joseph
  6702 | D:7      | Reached XP level 10. HP: 63/77 MP: 13/15
  7224 | D:9      | Reached ***** piety under Lugonu
  7944 | D:10     | Entered Level 10 of the Dungeon
  7964 | D:10     | Reached skill level 8 in Invocations
  8006 | D:10     | Noticed Sonja
  8017 | D:10     | Cast into level 2 of the Abyss (Sonja)
  8167 | Abyss:2  | Noticed an apocalypse crab
  8181 | Abyss:2  | Noticed a tentacled starspawn
  8200 | D:10     | Escaped the Abyss
  8205 | D:10     | Killed Sonja
  8205 | D:10     | Reached skill level 5 in Armour
  8506 | D:10     | Noticed a two-headed ogre
  8553 | D:10     | Killed a two-headed ogre
  8794 | D:10     | Reached skill level 9 in Invocations
  9251 | D:10     | Noticed Erolcha
  9263 | D:10     | Killed Erolcha
  9639 | D:11     | Killed an unseen horror
  9639 | D:11     | Reached skill level 10 in Short Blades
  9639 | D:11     | Gained mutation: You are completely covered in sharp
                  | spines. [demonic ancestry]
  9639 | D:11     | Reached XP level 11. HP: 80/84 MP: 16/18
  9782 | D:11     | Found a staircase to the Orcish Mines.
  9907 | D:11     | Killed an unseen horror
 10133 | D:11     | Reached skill level 10 in Invocations
 10195 | D:11     | Found Ometiet's Distillery.
 10200 | D:11     | Bought a potion of mutation for 112 gold pieces
 10479 | Orc:1    | Entered Level 1 of the Orcish Mines
 10482 | Orc:1    | Noticed an orc sorcerer
 10496 | D:11     | Killed an orc sorcerer
 10589 | Orc:1    | Noticed an orc high priest
 10755 | Orc:1    | Killed an orc high priest
 11201 | Orc:1    | Noticed Erica
 11215 | Orc:1    | Killed Erica
 11481 | Orc:2    | Entered Level 2 of the Orcish Mines
 11838 | Orc:2    | Found a staircase to the Elven Halls.
 11901 | Orc:2    | Noticed a sixfirhy
 11906 | Orc:2    | Killed a sixfirhy
 11916 | Orc:2    | Noticed Maurice
 11916 | Orc:2    | Noticed an orc knight
 11925 | Orc:1    | Found Caiceb's Mass Market.
 11925 | Orc:1    | Noticed an orc sorcerer
 11938 | Orc:1    | Banished an orc sorcerer
 11971 | Orc:1    | Bought a +6 plate armour of ponderousness for 480 gold
                  | pieces
 12223 | Orc:1    | Banished an orc knight
 12566 | Orc:1    | Reached skill level 11 in Invocations
 12581 | Orc:2    | Noticed an orc knight
 12604 | Orc:1    | Killed an orc knight
 12604 | Orc:1    | Gained mutation: You are robust. (+10% HP) [demonic
                  | ancestry]
 12604 | Orc:1    | Reached XP level 12. HP: 69/103 MP: 16/20
 12753 | Orc:2    | Killed Maurice
 14011 | D:12     | Noticed a six-headed hydra
 14029 | D:12     | Killed a four-headed hydra
 14135 | D:12     | Reached skill level 5 in Long Blades
 14143 | D:12     | Reached skill level 12 in Invocations
 14180 | D:12     | Noticed a two-headed ogre
 14195 | D:12     | Killed a two-headed ogre
 14942 | D:13     | Noticed Nessos
 14967 | D:13     | Killed Nessos
 15034 | D:13     | Gained mutation: Your spells are a little harder to cast,
                  | but a little more powerful. [potion of mutation]
 15034 | D:13     | Gained mutation: You are weak. (Str -2) [potion of
                  | mutation]
 15034 | D:13     | Gained mutation: You have large cloven feet. [potion of
                  | mutation]
 15035 | D:13     | Lost mutation: Your spells are a little harder to cast, but
                  | a little more powerful. [potion of mutation]
 15035 | D:13     | Lost mutation: You have large cloven feet. [potion of
                  | mutation]
 15035 | D:13     | Gained mutation: You possess an exceptional clarity of
                  | mind. [potion of mutation]
 15035 | D:13     | Gained mutation: You expend magic power (3 MP) to
                  | strengthen your wands. [potion of mutation]
 15036 | D:13     | Lost mutation: You expend magic power (3 MP) to strengthen
                  | your wands. [potion of mutation]
 15036 | D:13     | Lost mutation: You possess an exceptional clarity of mind.
                  | [potion of mutation]
 15036 | D:13     | Gained mutation: You are resistant to electric shocks.
                  | (rElec) [potion of mutation]
 15036 | D:13     | Gained mutation: You have supernaturally acute eyesight.
                  | (SInv) [potion of mutation]
 15036 | D:13     | Gained mutation: You are very weak. (Str -4) [potion of
                  | mutation]
 15036 | D:13     | Gained mutation: You expend magic power (3 MP) to
                  | strengthen your wands. [potion of mutation]
 15095 | D:13     | Noticed an eight-headed hydra
 15104 | D:13     | Killed a three-headed hydra
 15194 | D:13     | Reached ****** piety under Lugonu
 15318 | D:13     | Found a frozen archway.
 15329 | D:13     | Reached XP level 13. HP: 70/111 MP: 20/22
 15352 | IceCv    | Entered an ice cave
 15502 | IceCv    | Reached skill level 13 in Invocations
 19821 | D:13     | Noticed Kirke
 19836 | D:13     | Noticed a sphinx
 19836 | D:13     | Paralysed by a sphinx for 3 turns
 19843 | D:13     | Noticed a sphinx
 19848 | D:13     | Paralysed by a sphinx for 3 turns
 19851 | D:13     | Mangled by a sphinx

Levels and vault maps discovered:
D:1:      erik_arrival_blinker_ship, layout_basic
D:2:      cheibrodos_pilgrimage, layout_loops_cross, minitemple
D:3:      layout_rooms, old_standard_altar, serial_co_window_serial,
          co_window_corner_a, co_window_paths_a, co_window_corner_a,
          co_window_corner_a, co_window_corner_a, co_window_corner_a,
          co_window_of_opportunity_a, co_window_broadway_a, co_window_corner_ca,
          co_window_unsneaky_path_c, co_window_cross_3,
          co_window_unsneaky_path_a, co_window_4corner_b, glass_columns_a,
          glass_columns_b, glass_columns_a, first_ration, grunt_decor_arrowhead,
          led_sif_pool
D:4:      layout_cave_pools, minmay_temple_entry_large_hall, uniq_robin,
          uniq_eustachio, uniq_duvessa
D:5:      layout_basic
D:6:      minmay_clustersquares, layout_rooms, basic_altar, hex_tiny,
          uniq_menkaure, uniq_grinder
D:7:      layout_rooms, serial_shops, shop_coins, biasface_ghost_orc_armoury,
          chequers_serial_rivers_small_b, uniq_joseph
D:8:      layout_basic, dpeg_oklobed_lair, serial_shops, shop, uniq_psyche,
          uniq_harold
D:9:      layout_cave_pods
D:10:     layout_roguey [special_room_orc], uniq_sonja, uniq_erolcha
D:11:     layout_loops_ring, erik_orc_1, serial_shops, shop, grunt_ogre_cave
D:12:     layout_roguey
D:13:     layout_roguey, portal_ice_cave_entry_pillars_1, grunt_ministairs_15,
          uniq_kirke, uniq_nessos
Temple:   dpeg_five_rooms_temple
Orc:1:    layout_caves, minmay_shop_mass, nicolae_orc_lava_room, uniq_erica
Orc:2:    pf_orc_diabolical, layout_caves, uniq_maurice

Skill      XL: |  1  2  3  4  5  6  7  8  9 10 11 12 13 |
---------------+----------------------------------------+-----
Dodging        | 1 2 3 4 |  4.4
Fighting       | 4 5 6 7 8 9 |  9.4
Short Blades   | 1 2 5 6 8 10 | 10.8
Armour         | 2 4 6 7 8 |  8.4
Invocations    | 3 5 6 7 9 11 12 13 | 13.4
Stealth        | 1 2 3 |  3.0
Throwing       | 1 2 |  2.5
Long Blades    | 3 7 8 |  8.3
Evocations     | |  0.9

Action                   |  1- 3 |  4- 6 |  7- 9 | 10-12 | 13-15 || total
-------------------------+-------+-------+-------+-------+-------++-------
Melee: Rapier            |    88 |   155 |   189 |   384 |       ||   816
       Scimitar          |       |       |       |   320 |   245 ||   565
       Unarmed           |       |       |       |       |     2 ||     2
Throw: Dart              |       |     1 |    14 |     9 |       ||    24
       Throwing net      |       |       |       |     4 |       ||     4
Invok: Depart the Abyss  |     1 |       |       |     1 |       ||     2
       Banish            |       |       |       |     5 |     1 ||     6
       Bend Space        |       |       |       |       |     1 ||     1
Evoke: Wand              |       |       |     2 |     3 |    22 ||    27
       Box of beasts     |       |       |       |     2 |       ||     2
  Use: Potion            |       |     1 |       |     3 |     4 ||     8
       Scroll            |       |       |     7 |     7 |     4 ||    18
 Stab: Sleeping          |       |     1 |       |       |       ||     1
       Confused          |       |       |       |     1 |       ||     1
  Eat: Chunk             |     1 |     6 |    11 |    51 |       ||    69
       Ration            |       |       |       |       |     2 ||     2
Armor: Leather armour    |    16 |    37 |     1 |       |       ||    54
       Skin              |       |    11 |       |       |       ||    11
       Plate armour      |       |       |   113 |   399 |   160 ||   672
Dodge: Dodged            |    55 |    84 |    38 |   174 |    34 ||   385
       Rpst.: Falchion   |     1 |       |       |       |       ||     1
       Scimitar          |       |       |       |    25 |    13 ||    38
